 Dungeon Crawl Stone Soup version 0.24.0-37-gcf1ca852f1 (console) character file.

Game seed: 7494882564998550592, levelgen mode: deterministic

121 bli the Skirmisher (level 4, 0/37 HPs)
             Began as a Demonspawn Monk on Nov 24, 2019.
             Succumbed to an adder's poison
             ... on level 2 of the Dungeon.
             The game lasted 00:05:26 (1706 turns).

bli the Skirmisher (Demonspawn Monk)                Turns: 1706, Time: 00:05:26

Health: 0/37       AC:  2    Str: 13    XL:     4   Next: 77%
Magic:  2/4        EV: 14    Int: 11    God:
Gold:   46         SH:  0    Dex: 18    Spells: 3/3 levels left

rFire    . . .     SeeInvis .   a - +0 falchion
rCold    . . .     Gourm    .   (no shield)
rNeg     . . .     Faith    .   b - +0 robe
rPois    .         Spirit   +   (helmet restricted)
rElec    .         Reflect  .   (no cloak)
rCorr    .         Harm     .   (no gloves)
MR       +....                  (no boots)
Stlth    ++........             p - amulet of inaccuracy (curse)
HPRegen  0.12/turn              i - +3 ring of dexterity
MPRegen  0.09/turn              (no ring)

@: lethally poisoned (0 -> -4)
A: antennae 1, hooves 1, blurry vision 1, magic resistance 1, powered by pain 1,
magic shield
a: no special abilities


You were on level 2 of the Dungeon.
You were hungry.

You visited 1 branch of the dungeon, and saw 2 of its levels.

You collected 46 gold pieces.

Inventory:

Hand Weapons
 a - a +0 falchion (weapon)
 e - a +0 hunting sling
Missiles
 k - 15 sling bullets
 n - 24 stones (quivered)
Armour
 b - a +0 robe (worn)
 j - a +0 leather armour
Jewellery
 i - a +3 ring of dexterity (left hand)
 p - a cursed amulet of inaccuracy (around neck)
Scrolls
 f - a scroll of immolation {unknown}
 h - a scroll of fog
 m - a scroll of identify {unknown}
 q - 2 scrolls of blinking {unknown}
Comestibles
 c - 3 rations


   Skills:
 + Level 3.9 Fighting
 + Level 3.8 Long Blades
 + Level 3.2 Dodging
 + Level 2.2 Stealth


You had 3 spell levels left.
You didn't know any spells.
Your spell library was empty.

Dungeon Overview and Level Annotations

Branches:
Dungeon (2/15)

Altars:


Innate Abilities, Weirdness & Mutations

You sometimes gain a little power by taking damage.
When hurt, damage is shared between your health and your magic reserves.
You have a pair of small antennae on your head.
You have large cloven feet.
Scrolls take you a little longer to read.
You are resistant to hostile enchantments. (MR+)


Message History

You feel sick.
The helpless adder fails to defend itself.
You hit the adder.
The adder is lightly wounded.
The adder bites you.
You are lethally poisoned!
The adder poisons you!
You barely miss the adder. Your kick misses the adder.
The adder is lightly wounded.
* * * LOW HITPOINT WARNING * * *
You feel sick. The adder barely misses you. The adder closely misses you.
You riposte.
You miss the adder. Your kick misses the adder.
The adder is lightly wounded.
You closely miss the adder.
The adder is lightly wounded.
The adder barely misses you.
You riposte.
You barely miss the adder. Your kick misses the adder.
The adder is lightly wounded.
You hit the adder.
The adder is heavily wounded.
You die...

..#...# ....#.##
....#..# ....##.# .
....##.## .### ....##..#
... ....###.## #.. ....#
#..######.###
...#####.....##...
.....# #####..#.###
####.# ##...@S#
###.##### ##.......<..
##.....#.......##...#.#.
................ ##.#
................. ...
...............### ##.
...............# #
...............#
..รท.........
###........ #........


You could see an adder.

Vanquished Creatures
  A bullfrog skeleton (D:2)
  A gnoll (D:1)
  5 adders
  An ooze (D:2)
  3 dart slugs
  A giant cockroach (D:1)
  5 kobolds
  A quokka (D:2)
  A ball python (D:1)
  3 bats
  A frilled lizard (D:1)
  6 goblins
  4 rats
33 creatures vanquished.

Notes
Turn   | Place    | Note
-------+----------+-------------------------------------------
     0 | D:1      | bli the Demonspawn Monk began the quest for the Orb.
     0 | D:1      | Reached XP level 1. HP: 18/18 MP: 1/1
   316 | D:1      | Gained mutation: When hurt, damage is shared between your
                  | health and your magic reserves. [demonic ancestry]
   316 | D:1      | Reached XP level 2. HP: 24/24 MP: 2/2
   758 | D:2      | HP: 1/24 [poisoned by an adder]
   762 | D:2      | Gained mutation: You sometimes gain a little power by
                  | taking damage. [demonic ancestry]
   762 | D:2      | Reached XP level 3. HP: 23/29 MP: 0/3
  1348 | D:1      | Reached XP level 4. HP: 37/37 MP: 4/4
  1679 | D:2      | Gained mutation: You are resistant to hostile enchantments.
                  | (MR+) [potion of mutation]
  1679 | D:2      | Gained mutation: You have large cloven feet. [potion of
                  | mutation]
  1679 | D:2      | Gained mutation: Scrolls take you a little longer to read.
                  | [potion of mutation]
  1679 | D:2      | Gained mutation: You have a pair of small antennae on your
                  | head. [potion of mutation]
  1704 | D:2      | HP: 1/37 [poisoned by an adder]
  1706 | D:2      | Succumbed to an adder's poison

Levels and vault maps discovered:
D:1:      evilmike_arrival_hilbert_curve, layout_loops_cross,
          serial_bayou_lagoon_a
D:2:      layout_rooms, lemuel_blue_sif_altar

Skill      XL: |  1  2  3 |
---------------+----------+-----
Long Blades    | 3 |  3.8
Dodging        | 3 |  3.2
Stealth        | 2 |  2.2
Fighting       | |  3.9

Action                   |  1- 3 |  4- 6 || total
-------------------------+-------+-------++-------
Melee: Falchion          |    89 |    35 ||   124
       Kick              |       |     1 ||     1
  Use: Potion            |     2 |     2 ||     4
       Scroll            |       |     1 ||     1
 Stab: Sleeping          |     2 |     1 ||     3
  Eat: Chunk             |     1 |     1 ||     2
Armor: Robe              |     5 |     4 ||     9
       Skin              |    20 |       ||    20
Dodge: Dodged            |    70 |    31 ||   101
       Rpst.: Falchion   |    24 |    11 ||    35
